General information
- name: BNet
- type: Ladder team game (AT/RT)
- host: Battle.net
- saver: Sympoison
map: Deadlock
- players: 8
- length: 45:45
- speed: Fast
- version: 1.26 W3XP
- replay type: Public
» download(213 KB)
Players
team 1 (winner)
bythywill (
red | 32 APM | 441 actions | 13:35)
1 Mountain King
1 Storm Bolt
» actions
| Build / train | 47 | |
| Enter build submenu | 34 | |
| Enter hero's abilities submenu | 1 | |
| Remove unit from queue | 1 | |
| Right click | 149 | |
| Select / deselect | 177 | |
| Use ability | 32 | |
441 total
» units
» upgrades
| Lumber Harvesting | 1 | |
| Swords | 1 | |
| Plating | 1 | |
3 total
» buildings
| Altar of Kings | 2 | |
| Farm | 6 | |
| Barracks | 2 | |
| Scout Tower | 14 | |
| Arcane Tower | 2 | |
| Lumber Mill | 1 | |
| Arcane Vault | 1 | |
| Guard Tower | 10 | |
| Keep | 1 | |
| Blacksmith | 1 | |
| Castle | 1 | |
| Town Hall | 1 | |
42 total
» build order
00:07 Altar of Kings
00:12 Farm
00:53 Barracks
01:52 Farm
02:06 Scout Tower
02:47 Arcane Tower
02:50 Scout Tower
02:53 Farm
03:33 Scout Tower
03:36 Lumber Mill
03:52 Altar of Kings
03:56 Arcane Vault
04:07 Scout Tower
04:11 Farm
04:26 Scout Tower
04:29 Guard Tower
04:37 Guard Tower
04:40 Scout Tower
05:18 Scout Tower
05:19 Guard Tower
05:22 Guard Tower
05:31 Barracks
05:39 Farm
06:22 Keep
06:30 Farm
07:11 Scout Tower
07:13 Scout Tower
07:32 Guard Tower
07:49 Guard Tower
08:05 Scout Tower
08:41 Guard Tower
08:44 Scout Tower
08:53 Blacksmith
10:00 Castle
10:11 Guard Tower
10:26 Scout Tower
11:05 Scout Tower
11:45 Guard Tower
11:49 Scout Tower
12:15 Town Hall
12:59 Guard Tower
13:10 Arcane Tower
» items
JAWIZZLE07 (
yellow | 46 APM | 2107 actions | 45:42)
5 Mountain King
3 Storm Bolt
2 Bash
4 Paladin
2 Holy Light
2 Divine Shield
» actions
| Assign group hotkey | 68 | |
| Basic commands | 76 | |
| Build / train | 82 | |
| Enter build submenu | 32 | |
| Enter hero's abilities submenu | 9 | |
| Give item / drop item | 1 | |
| Remove unit from queue | 1 | |
| Right click | 727 | |
| Select / deselect | 300 | |
| Select group hotkey | 702 | |
| Use ability | 108 | |
2107 total
» units
| Peasant | 23 | |
| Footman | 4 | |
| Gryphon Rider | 8 | |
35 total
» upgrades
| Masonry | 3 | |
| Lumber Harvesting | 2 | |
| Magic Sentry | 1 | |
| Storm Hammers | 1 | |
| Animal War Training | 1 | |
| Swords | 3 | |
| Armor | 3 | |
| Cloud | 1 | |
15 total
» buildings
| Altar of Kings | 1 | |
| Barracks | 1 | |
| Farm | 14 | |
| Lumber Mill | 2 | |
| Arcane Vault | 1 | |
| Town Hall | 3 | |
| Scout Tower | 21 | |
| Arcane Tower | 1 | |
| Keep | 1 | |
| Guard Tower | 5 | |
| Gryphon Aviary | 3 | |
| Castle | 1 | |
| Arcane Sanctum | 1 | |
| Blacksmith | 1 | |
56 total
» build order
00:10 Altar of Kings
00:20 Barracks
00:36 Farm
00:51 Farm
01:33 Farm
02:00 Lumber Mill
02:15 Arcane Vault
03:37 Farm
03:53 Town Hall
03:56 Scout Tower
04:25 Arcane Tower
05:21 Keep
05:44 Scout Tower
05:44 Scout Tower
05:45 Scout Tower
05:46 Scout Tower
05:47 Scout Tower
05:48 Scout Tower
05:49 Scout Tower
06:27 Guard Tower
06:54 Guard Tower
07:30 Scout Tower
07:30 Scout Tower
07:31 Scout Tower
07:32 Scout Tower
08:19 Guard Tower
08:27 Guard Tower
08:30 Gryphon Aviary
09:14 Castle
09:18 Gryphon Aviary
10:02 Town Hall
10:14 Farm
10:16 Farm
10:58 Arcane Sanctum
12:13 Gryphon Aviary
12:34 Blacksmith
12:48 Scout Tower
12:49 Scout Tower
12:50 Scout Tower
13:32 Guard Tower
13:48 Farm
13:49 Farm
13:50 Farm
14:05 Scout Tower
14:05 Scout Tower
14:05 Scout Tower
14:16 Lumber Mill
21:25 Town Hall
28:52 Farm
28:53 Farm
28:56 Farm
28:59 Farm
29:28 Farm
» items
| Scroll of Regeneration | 3 | |
| Staff of Teleportation | 1 | |
| Potion of Mana | 1 | |
| Scroll of Town Portal | 2 | |
| Potion of Healing | 3 | |
| Staff of Sanctuary | 1 | |
| Orb of Fire | 1 | |
12 total
H1TLERisGENIUS (
green | 10 APM | 463 actions | 45:45)
1 Blademaster
1 Wind Walk
» actions
| Build / train | 27 | |
| ESC pressed | 2 | |
| Enter build submenu | 17 | |
| Enter hero's abilities submenu | 1 | |
| Right click | 206 | |
| Select / deselect | 166 | |
| Use ability | 44 | |
463 total
» units
» upgrades
| Shaman Training | 2 | |
| Melee Weapons | 1 | |
| Armor | 1 | |
| Pulverize | 1 | |
5 total
» buildings
| Altar of Storms | 1 | |
| Orc Burrow | 6 | |
| War Mill | 1 | |
| Voodoo Lounge | 1 | |
| Stronghold | 1 | |
| Watch Tower | 2 | |
| Fortress | 1 | |
| Spirit Lodge | 1 | |
| Tauren Totem | 2 | |
16 total
» build order
00:38 Altar of Storms
00:48 Orc Burrow
01:59 War Mill
02:31 Voodoo Lounge
03:28 Stronghold
03:34 Orc Burrow
03:41 Watch Tower
04:31 Orc Burrow
05:16 Watch Tower
05:33 Orc Burrow
05:54 Fortress
06:23 Spirit Lodge
07:23 Orc Burrow
09:33 Tauren Totem
09:39 Tauren Totem
11:26 Orc Burrow
» items
| Healing Salve | 1 | |
| Orb of Fire | 1 | |
2 total

»
Pedrizzer (
purple | 31 APM | 563 actions | 17:53)
2 Pandaren Brewmaster
1 Breath of Fire
1 Drunken Haze
1 Lich
1 Frost Nova
» actions
| Assign group hotkey | 15 | |
| Basic commands | 21 | |
| Build / train | 35 | |
| Enter build submenu | 18 | |
| Enter hero's abilities submenu | 3 | |
| Give item / drop item | 1 | |
| Right click | 157 | |
| Select / deselect | 171 | |
| Select group hotkey | 111 | |
| Use ability | 31 | |
563 total
» units
| Acolyte | 7 | |
| Ghoul | 3 | |
| Crypt Fiend | 10 | |
20 total
» upgrades
» buildings
| Altar of Darkness | 1 | |
| Ziggurat | 10 | |
| Graveyard | 1 | |
| Tomb of Relics | 1 | |
| Crypt | 1 | |
| Nerubian Tower | 2 | |
| Halls of the Dead | 1 | |
| Spirit Tower | 2 | |
| Black Citadel | 1 | |
| Sacrificial Pit | 1 | |
21 total
» build order
00:16 Altar of Darkness
00:21 Ziggurat
00:48 Graveyard
01:07 Tomb of Relics
01:22 Crypt
01:45 Nerubian Tower
02:47 Ziggurat
04:46 Halls of the Dead
06:12 Ziggurat
06:54 Ziggurat
09:41 Ziggurat
09:43 Ziggurat
09:46 Ziggurat
10:32 Ziggurat
11:03 Ziggurat
11:07 Ziggurat
11:36 Spirit Tower
11:57 Spirit Tower
12:00 Nerubian Tower
14:46 Black Citadel
15:34 Sacrificial Pit
» items
team 2 (loser)
OnlyIdiotsstay (
blue | 32 APM | 1483 actions | 45:45)
6 Blademaster
3 Wind Walk
2 Critical Strike
1 Bladestorm
» actions
| Assign group hotkey | 276 | |
| Basic commands | 213 | |
| Build / train | 79 | |
| ESC pressed | 1 | |
| Enter build submenu | 20 | |
| Enter hero's abilities submenu | 6 | |
| Give item / drop item | 10 | |
| Right click | 324 | |
| Select / deselect | 154 | |
| Select group hotkey | 213 | |
| Use ability | 187 | |
1483 total
» units
» upgrades
| Spiked Barricades | 2 | |
| Reinforced Defenses | 1 | |
| Ranged Weapons | 1 | |
| Melee Weapons | 1 | |
| Armor | 1 | |
6 total
» buildings
| Altar of Storms | 1 | |
| Orc Burrow | 1 | |
| War Mill | 1 | |
| Voodoo Lounge | 2 | |
| Watch Tower | 13 | |
| Stronghold | 1 | |
| Fortress | 1 | |
| Scout Tower | 2 | |
| Guard Tower | 4 | |
26 total
» build order
00:07 Altar of Storms
00:11 Orc Burrow
00:48 War Mill
01:04 Voodoo Lounge
02:05 Watch Tower
02:28 Watch Tower
03:36 Watch Tower
04:54 Stronghold
04:58 Watch Tower
05:34 Watch Tower
06:04 Watch Tower
07:18 Fortress
08:04 Voodoo Lounge
08:09 Watch Tower
10:03 Watch Tower
10:09 Watch Tower
18:30 Watch Tower
18:33 Watch Tower
19:20 Watch Tower
19:23 Watch Tower
34:27 Scout Tower
34:54 Guard Tower
35:08 Guard Tower
35:12 Guard Tower
35:17 Guard Tower
36:39 Scout Tower
» items
| Healing Salve | 5 | |
| Lesser Clarity Potion | 7 | |
| Scroll of Speed | 1 | |
| Circlet of Nobility | 1 | |
| Boots of Speed | 1 | |
| Potion of Healing | 8 | |
| Potion of Mana | 8 | |
| Orb of Lightning | 1 | |
| Scroll of Town Portal | 2 | |
| Scroll of Healing | 2 | |
| Potion of Lesser Invulnerability | 1 | |
| Tiny Great Hall | 2 | |
39 total
Sympoison (
pink | 85 APM | 3901 actions | 45:45)
7 Death Knight
3 Death Coil
3 Unholy Aura
1 Animate Dead
5 Lich
3 Frost Nova
2 Frost Armor
» actions
| Assign group hotkey | 205 | |
| Basic commands | 373 | |
| Build / train | 176 | |
| ESC pressed | 35 | |
| Enter build submenu | 41 | |
| Enter hero's abilities submenu | 14 | |
| Give item / drop item | 19 | |
| Right click | 1325 | |
| Select / deselect | 467 | |
| Select group hotkey | 1054 | |
| Use ability | 192 | |
3901 total
» units
| Acolyte | 30 | |
| Ghoul | 5 | |
| Crypt Fiend | 8 | |
| Obsidian Statue | 1 | |
| Gargoyle | 1 | |
| Abomination | 1 | |
46 total
» upgrades
| Creature Attack | 3 | |
| Creature Carapace | 3 | |
| Web | 1 | |
| Burrow | 1 | |
| Ghoul Frenzy | 1 | |
| Destroyer Form | 1 | |
| Backpack | 1 | |
| Unholy Armor | 3 | |
| Unholy Strength | 3 | |
| Stone Form | 1 | |
| Disease Cloud | 1 | |
| Exhume Corpses | 1 | |
| Cannibalize | 1 | |
| Defend | 1 | |
| Magic Sentry | 1 | |
| Armor | 1 | |
| Sorceress Training | 1 | |
| Priest Training | 1 | |
26 total
» buildings
| Ziggurat | 12 | |
| Altar of Darkness | 1 | |
| Graveyard | 1 | |
| Crypt | 4 | |
| Tomb of Relics | 1 | |
| Halls of the Dead | 10 | |
| Nerubian Tower | 7 | |
| Spirit Tower | 15 | |
| Black Citadel | 3 | |
| Slaughterhouse | 3 | |
| Necropolis | 5 | |
62 total
» build order
00:12 Ziggurat
00:14 Altar of Darkness
00:36 Graveyard
01:00 Crypt
01:19 Tomb of Relics
01:31 Ziggurat
04:47 Ziggurat
06:07 Halls of the Dead
06:07 Halls of the Dead
06:07 Halls of the Dead
07:11 Ziggurat
07:15 Ziggurat
07:16 Ziggurat
08:06 Nerubian Tower
08:07 Nerubian Tower
08:07 Nerubian Tower
08:07 Spirit Tower
08:08 Spirit Tower
08:09 Spirit Tower
08:57 Black Citadel
08:57 Black Citadel
09:43 Nerubian Tower
11:02 Slaughterhouse
11:03 Slaughterhouse
11:06 Slaughterhouse
12:05 Necropolis
12:55 Ziggurat
12:58 Ziggurat
14:06 Spirit Tower
14:07 Spirit Tower
14:08 Ziggurat
15:54 Nerubian Tower
15:54 Nerubian Tower
16:31 Necropolis
18:25 Crypt
18:26 Crypt
18:29 Crypt
18:49 Necropolis
19:27 Necropolis
21:06 Spirit Tower
21:07 Spirit Tower
21:07 Spirit Tower
23:18 Ziggurat
23:21 Ziggurat
23:23 Ziggurat
26:11 Spirit Tower
26:11 Spirit Tower
26:15 Spirit Tower
26:16 Spirit Tower
26:16 Spirit Tower
26:47 Halls of the Dead
26:54 Halls of the Dead
26:54 Halls of the Dead
30:06 Necropolis
» items
| Rod of Necromancy | 1 | |
| Boots of Speed | 2 | |
| Staff of Teleportation | 2 | |
| Periapt of Vitality | 3 | |
| Scroll of Town Portal | 1 | |
| Orb of Corruption | 1 | |
| Orb of Lightning | 1 | |
| Tiny Great Hall | 1 | |
| Healing Salve | 1 | |
| Potion of Lesser Invulnerability | 1 | |
14 total
HomestarRunner (
orange | 37 APM | 1670 actions | 45:44)
11 Archmage
3 Summon Water Elemental
3 Brilliance Aura
3 Mass Teleport
2 Blizzard
» actions
| Assign group hotkey | 27 | |
| Basic commands | 170 | |
| Build / train | 90 | |
| Enter build submenu | 23 | |
| Enter hero's abilities submenu | 10 | |
| Give item / drop item | 12 | |
| Remove unit from queue | 1 | |
| Right click | 713 | |
| Select / deselect | 354 | |
| Select group hotkey | 193 | |
| Use ability | 77 | |
1670 total
» units
| Peasant | 21 | |
| Footman | 4 | |
| Gryphon Rider | 9 | |
34 total
» upgrades
| Lumber Harvesting | 2 | |
| Swords | 3 | |
| Storm Hammers | 1 | |
| Armor | 3 | |
| Animal War Training | 1 | |
| Cloud | 1 | |
11 total
» buildings
| Altar of Kings | 1 | |
| Barracks | 1 | |
| Farm | 7 | |
| Keep | 1 | |
| Town Hall | 5 | |
| Arcane Vault | 2 | |
| Lumber Mill | 1 | |
| Castle | 1 | |
| Scout Tower | 1 | |
| Arcane Tower | 1 | |
| Gryphon Aviary | 2 | |
| Blacksmith | 2 | |
25 total
» build order
00:45 Altar of Kings
00:46 Barracks
00:50 Farm
00:52 Farm
00:53 Farm
01:05 Farm
01:44 Farm
03:29 Keep
03:55 Town Hall
04:14 Arcane Vault
04:46 Lumber Mill
05:55 Castle
07:18 Scout Tower
07:36 Arcane Tower
07:39 Gryphon Aviary
07:41 Gryphon Aviary
07:48 Blacksmith
07:52 Blacksmith
09:23 Farm
15:24 Town Hall
19:01 Arcane Vault
22:49 Town Hall
22:53 Town Hall
29:30 Town Hall
36:59 Farm
» items
| Scroll of Regeneration | 3 | |
| Periapt of Vitality | 1 | |
| Boots of Speed | 1 | |
| Staff of Teleportation | 1 | |
| Healing Salve | 2 | |
| Orb of Corruption | 1 | |
| Tome of Retraining | 2 | |
| Potion of Invisibility | 1 | |
12 total
iamarenegade (
teal | 39 APM | 1213 actions | 31:11)
3 Mountain King
1 Thunder Clap
2 Storm Bolt
1 Archmage
1 Summon Water Elemental
1 Blood Mage
1 Flame Strike
» actions
| Basic commands | 3 | |
| Build / train | 83 | |
| ESC pressed | 2 | |
| Enter build submenu | 33 | |
| Enter hero's abilities submenu | 5 | |
| Give item / drop item | 1 | |
| Remove unit from queue | 2 | |
| Right click | 671 | |
| Select / deselect | 359 | |
| Use ability | 54 | |
1213 total
» units
| Peasant | 18 | |
| Footman | 4 | |
| Sorceress | 2 | |
| Knight | 7 | |
| Priest | 2 | |
| Spell Breaker | 2 | |
| Flying Machine | 2 | |
| Mortar Team | 3 | |
| Siege Engine | 7 | |
47 total
» upgrades
| Masonry | 2 | |
| Lumber Harvesting | 1 | |
| Plating | 3 | |
| Swords | 1 | |
| Animal War Training | 1 | |
| Barrage | 1 | |
| Gunpowder | 1 | |
10 total
» buildings
| Altar of Kings | 1 | |
| Farm | 12 | |
| Barracks | 2 | |
| Lumber Mill | 1 | |
| Scout Tower | 10 | |
| Keep | 1 | |
| Arcane Tower | 1 | |
| Town Hall | 2 | |
| Guard Tower | 8 | |
| Castle | 1 | |
| Arcane Sanctum | 1 | |
| Blacksmith | 1 | |
| Arcane Vault | 1 | |
| Workshop | 2 | |
44 total
» build order
00:11 Altar of Kings
00:25 Farm
01:04 Farm
01:20 Barracks
01:49 Farm
02:26 Farm
02:55 Lumber Mill
03:03 Farm
03:27 Scout Tower
03:42 Keep
04:01 Arcane Tower
05:45 Town Hall
05:51 Scout Tower
06:30 Guard Tower
06:34 Scout Tower
07:01 Farm
07:12 Guard Tower
07:19 Scout Tower
07:37 Castle
07:47 Arcane Sanctum
07:49 Farm
07:54 Scout Tower
07:55 Guard Tower
08:56 Guard Tower
08:58 Scout Tower
09:05 Blacksmith
09:12 Farm
09:43 Guard Tower
09:46 Scout Tower
09:53 Farm
10:34 Arcane Vault
10:41 Farm
11:11 Barracks
11:26 Farm
11:30 Guard Tower
12:50 Workshop
12:55 Town Hall
13:40 Scout Tower
15:30 Scout Tower
15:32 Guard Tower
15:58 Guard Tower
16:01 Scout Tower
20:26 Farm
21:58 Workshop
» items
| Scroll of Town Portal | 3 | |
| Rod of Necromancy | 1 | |
| Orb of Fire | 1 | |
5 total
Chat log
(00:07 / All) JAWIZZLE07: FO SHIZZLE
(00:08 / Allies) Sympoison: I agree blue
(00:15 / All) JAWIZZLE07: MA DIZZLE
(00:20 / All) HomestarRunner: I agree green
(00:26 / Allies) OnlyIdiotsstay: this game is loaded with idiots
(00:30 / All) Sympoison: I third it green
(00:31 / Allies) OnlyIdiotsstay: tahts for shure
(00:32 / All) HomestarRunner: Eating a steak, and trying to rub one out at the same time while playing
(00:37 / All) HomestarRunner: hope it doesn't effect my play too bad
(00:40 / All) OnlyIdiotsstay: lol
(00:43 / All) JAWIZZLE07: thats real nice
(00:56 / All) Sympoison: are you tweaking your beef
(01:13 / All) HomestarRunner: stroking my salami
(01:18 / All) OnlyIdiotsstay: get a girlfriend
(01:33 / All) OnlyIdiotsstay: then you don't have to jerk while u eat
(01:35 / All) HomestarRunner: Do you have one
(01:36 / All) OnlyIdiotsstay: she can eat u
(01:41 / All) OnlyIdiotsstay: yes
(01:44 / All) OnlyIdiotsstay: i have a wife
(01:50 / All) H1TLERisGENIUS: ouch
(01:52 / All) H1TLERisGENIUS: that sucks
(01:52 / All) Sympoison: Where did you go wrong?
(01:54 / All) HomestarRunner: what's her number maybe she'll like me better
(01:56 / All) HomestarRunner: and leave you for me
(02:02 / All) OnlyIdiotsstay: maybe
(02:10 / All) HomestarRunner: so what's her number
(02:16 / All) HomestarRunner: do you guys have a landline
(02:22 / All) OnlyIdiotsstay: 312-555-1212
(02:24 / All) Sympoison: I completely forget UD build orders
(02:27 / All) Sympoison: what's standard 4v4
(02:30 / All) HomestarRunner: 555 fake number son I'm not stupid
(02:35 / All) OnlyIdiotsstay: lol
(02:46 / All) H1TLERisGENIUS: build another necropolis first
(02:48 / All) Sympoison: Hey don't blame me I don't play this race
(04:05 / Allies) HomestarRunner: gold?
(04:38 / All) HomestarRunner: is your wife purty
(04:53 / All) Sympoison: What's her hair colour
(05:05 / All) H1TLERisGENIUS: probably bright orange
(05:11 / All) OnlyIdiotsstay: blond
(05:19 / All) Sympoison: What shade of blonde
(05:19 / All) OnlyIdiotsstay: d cup tits
(05:23 / All) HomestarRunner: She a pretty young thing?|
(05:24 / All) Sympoison: I'm blonde it has a variety
(07:00 / Allies) HomestarRunner: ping green base
(07:15 / All) HomestarRunner: You'll regret it
(07:25 / All) H1TLERisGENIUS: lol
(07:26 / All) H1TLERisGENIUS: me?
(07:29 / All) HomestarRunner: Yes
(07:32 / Allies) HomestarRunner: lumber
(07:41 / All) H1TLERisGENIUS: we'll see
(08:00 / All) JAWIZZLE07: attack green lol
(08:01 / All) JAWIZZLE07: wow
(08:36 / All) Sympoison: raped
(08:46 / All) H1TLERisGENIUS: luck
(08:54 / Allies) HomestarRunner: lumber
(09:02 / All) JAWIZZLE07: WOOD
(09:12 / All) OnlyIdiotsstay: thats what she said
(09:35 / Allies) HomestarRunner: hate this map
(09:39 / Allies) HomestarRunner: so hard to get lumber
(09:47 / Allies) HomestarRunner: without wasting a lot of food
(09:57 / All) bythywill: ooo lucky
(10:44 / All) OnlyIdiotsstay: buh bye
(10:46 / All) H1TLERisGENIUS: :(
(11:06 / All) OnlyIdiotsstay: lol
(11:37 / All) JAWIZZLE07: red u dumb nigger
(11:38 / All) OnlyIdiotsstay: nice yellow
(11:51 / All) JAWIZZLE07: this team is retarded twice now ur hero is righ tthere and they run
(12:11 / All) OnlyIdiotsstay: kekeke
(12:13 / All) OnlyIdiotsstay: noob rape
(12:23 / All) OnlyIdiotsstay: nice level 1 hero green
(12:25 / All) H1TLERisGENIUS: no help i guess
(12:32 / All) Sympoison: Why would they help a player like you
(12:34 / All) HomestarRunner: No help for the noobie
(12:41 / All) OnlyIdiotsstay: my bm is level 5
(12:45 / All) OnlyIdiotsstay: ur still level 1, LOL
(13:05 / All) OnlyIdiotsstay: lol yellow
(13:12 / All) JAWIZZLE07: wat dont need em'
(13:36 / All) OnlyIdiotsstay: u need all the help u can get dood
(14:24 / All) OnlyIdiotsstay: reds got a nice sexy level 1 hero also
(14:59 / All) OnlyIdiotsstay: well he had a level 1 hero anyway
(15:35 / All) OnlyIdiotsstay: MOAR TOWERS YELLO
(15:37 / Allies) HomestarRunner: I brb
(15:52 / All) OnlyIdiotsstay: LOL
(15:54 / All) H1TLERisGENIUS: thats no fair
(16:28 / All) H1TLERisGENIUS: dont worry
(16:38 / All) H1TLERisGENIUS: im controling me and reds level 1 heroes
(17:06 / All) H1TLERisGENIUS: lol wtf
(17:11 / All) H1TLERisGENIUS: you both want the expo?
(17:24 / Allies) Sympoison: Hey blue
(17:27 / Allies) Sympoison: I was going to take that
(17:30 / Allies) Sympoison: you insufferable teamkilling fuck
(17:33 / All) Sympoison: So?
(17:35 / All) Sympoison: You killed my acolyte
(17:42 / All) OnlyIdiotsstay: share the wealth
(17:49 / All) OnlyIdiotsstay: u vote for obama pink?
(17:54 / All) Sympoison: You don't have my permission to speak
(17:55 / All) Sympoison: Shut it
(18:00 / All) OnlyIdiotsstay: u shut it
(18:05 / All) OnlyIdiotsstay: douche bag
(18:12 / All) Sympoison: You're the one who killed what was rightfully mine
(18:21 / All) OnlyIdiotsstay: sorry ur wrong
(18:34 / All) Sympoison: I took it first, I had an acolyte there
(18:42 / All) Sympoison: This is a team game not a team killing game
(18:51 / All) OnlyIdiotsstay: u tk'd me
(18:58 / All) Sympoison: Because you attacked what was rightfully mine first
(19:08 / All) OnlyIdiotsstay: too bad for u
(19:20 / Allies) HomestarRunner: Who attacked who first?
(19:25 / Allies) Sympoison: He killed my acolyte
(19:34 / Allies) Sympoison: Help me kill him?
(19:35 / Allies) HomestarRunner: The punishment for team killing is death
(19:36 / Allies) Sympoison: Maybe get cloud
(19:49 / All) OnlyIdiotsstay: u can't cloud your teammates towers moron
(19:52 / All) Sympoison: Yes you can
(19:54 / Allies) HomestarRunner: Aye you can in fact
(19:58 / Allies) Sympoison: Get a hawk to show him
(20:33 / All) Sympoison: This is the price for teamkilling blue
(20:41 / All) OnlyIdiotsstay: shut up i dont care
(20:45 / All) Sympoison: Then leave
(20:53 / All) OnlyIdiotsstay: make me
(21:04 / Allies) iamarenegade: help?
(21:15 / Allies) HomestarRunner: We're busy with a teamkiller at the moment
(22:16 / Allies) Sympoison: Nice try
(22:18 / Allies) iamarenegade: tp?
(22:24 / All) OnlyIdiotsstay: too bad i still get a win
(22:26 / Allies) Sympoison: Orange is a just and noble knight who helped me slay you
(22:44 / All) OnlyIdiotsstay: thats cuz u needed help
(22:46 / All) Sympoison: watch out yellow
(22:47 / All) OnlyIdiotsstay: cuz u blow
(23:10 / All) Sympoison: Nay, I could have taken you myself but two is always better than one at slaying a menace
(23:28 / All) OnlyIdiotsstay: sorry but u didnt stand a chance against me alone
(23:36 / All) OnlyIdiotsstay: and i still get a win
(23:37 / All) Sympoison: If I went over 50 food I would have had gargoyles to do it
(23:39 / All) Sympoison: I just didn't want to
(23:39 / All) OnlyIdiotsstay: =)
(23:46 / All) Sympoison: I'm sure you think that lawl
(23:51 / All) Sympoison: Listen to your own name in the future
(23:54 / All) OnlyIdiotsstay: i had one hero
(24:10 / All) Sympoison: Yeah at least after we killed all your other stuff
(24:31 / All) OnlyIdiotsstay: im upgrading my armor now
(24:35 / All) OnlyIdiotsstay: and my weapons
(25:03 / Allies) Sympoison: Teal is a renegade
(25:08 / Allies) Sympoison: We should kill him too
(25:08 / Allies) iamarenegade: wtf
(25:09 / All) OnlyIdiotsstay: teal u are still so fucking bad
(25:10 / Allies) Sympoison: He's dangerous
(25:14 / Allies) iamarenegade: u guys are retarded
(25:18 / Allies) HomestarRunner: You disobey the law at the penalty of your own life, teamkiller
(25:25 / Allies) Sympoison: We're sheriffs in this untamed wild west
(25:31 / Allies) Sympoison: We hang traitors in this company
(25:36 / Allies) iamarenegade: ok loser
(26:13 / Allies) iamarenegade: u guys are dumb
(26:21 / All) HomestarRunner: Stop running renegade, I am the law
(26:27 / All) Sympoison: I AM THE LAW!
(26:29 / All) iamarenegade: not even funny
(26:31 / All) HomestarRunner: You're only gonna end up with a baton up your ass
(26:45 / All) HomestarRunner: YOU BETRAYED THE LAW
(27:02 / All) JAWIZZLE07: i am sorry our game got ruined teal : (
(27:30 / All) Sympoison: Their own faults for being team killing renegades and traitors, scum and villainy of all kinds
(27:35 / All) iamarenegade: yeah its hard fightin u when i have these 2 tards
(27:44 / All) iamarenegade: who talks like that
(27:48 / All) Sympoison: We do, mister
(28:02 / All) iamarenegade: u r both retarded
(28:13 / All) JAWIZZLE07: me too ?
(28:14 / All) Sympoison: You shouldn't say that to your superiors, you're being hanged
(28:20 / All) Sympoison: It won't earn you any favours
(28:24 / All) iamarenegade: no pink
(28:26 / All) Sympoison: Do you want to lose your last meal?
(29:03 / All) HomestarRunner: YOU BETRAYED THE LAW
(29:07 / All) Sympoison: Oh
(29:11 / All) Sympoison: I didn't realise how many acolytes died
(30:48 / All) Sympoison: Don't kill it
(30:51 / All) Sympoison: Let it sit in its prison
(30:58 / All) Sympoison: That's frontier justice
(31:00 / All) JAWIZZLE07: for all eternity
(31:00 / All) HomestarRunner: He betrayed the law?
(31:13 / All) Sympoison: He betrayed us, and we're the law
(31:33 / All) Sympoison: Hey blue
(31:38 / All) Sympoison: Do you know what your own username is?
(33:21 / All) OnlyIdiotsstay: u nooobies still haven't won yet?
(33:25 / All) Sympoison: Hey blue
(33:30 / All) Sympoison: Do you know your own username?
(33:30 / All) OnlyIdiotsstay: yo
(33:38 / All) HomestarRunner: We have our own code of conduct
(33:39 / All) OnlyIdiotsstay: no, whats it say?
(33:44 / All) Sympoison: Only idiots stay
(33:48 / All) HomestarRunner: No team ought to win, that's injust
(33:55 / All) OnlyIdiotsstay: im not an idiot tho, thats u pink
(33:59 / All) OnlyIdiotsstay: u should leave
(34:05 / All) OnlyIdiotsstay: u and idiot
(34:10 / All) OnlyIdiotsstay: in the same sentence
(35:02 / All) Sympoison: How sneaky
(36:23 / All) OnlyIdiotsstay: lol oj
(36:25 / All) OnlyIdiotsstay: ur trapped
(36:34 / All) Sympoison: He has mass tp
(36:42 / All) OnlyIdiotsstay: really
(36:51 / All) OnlyIdiotsstay: too bad i still get a win
(37:14 / All) Sympoison: You'll have an equal opportunity, two cons can duke it out for a win
(37:35 / All) OnlyIdiotsstay: too bad for u if u get a win, so do i
(37:48 / All) OnlyIdiotsstay: only way for me to get a loss, is if u both lose too, LOL
(37:52 / All) HomestarRunner: You don't read too good do you ya, bubba?
(38:10 / All) OnlyIdiotsstay: u can leave anytime u want oj
(38:19 / All) HomestarRunner: I will, when I want
(38:23 / All) OnlyIdiotsstay: same here
(39:18 / All) JAWIZZLE07: i require some assistance when
(39:19 / All) JAWIZZLE07: bb
(39:43 / All) OnlyIdiotsstay: good thing u can watch porn and play warcraft at teh same time
(39:45 / All) Sympoison: I'm gaining gold so fast it's ridiculous
(39:48 / All) Sympoison: What kind of porn?
(39:57 / All) OnlyIdiotsstay: porn porn
(40:05 / All) OnlyIdiotsstay: what other kinda porn is there?
(40:08 / All) Sympoison: It's just straight sex in the missionary position?
(40:11 / All) Sympoison: Go into more detail
(40:18 / All) Sympoison: Tell us about the gay porn you like
(40:26 / All) OnlyIdiotsstay: its the Sears catalog kinda porn, thats the only kind u know
(40:33 / All) Sympoison: lol
(40:54 / All) HomestarRunner: Who's your favorite pornstar
(41:05 / All) JAWIZZLE07: naught brandi
(41:09 / All) OnlyIdiotsstay: Veronica Avluv
(41:12 / All) Sympoison: Brandi sounds like a dwarf
(41:16 / All) HomestarRunner: You have bad taste, brother
(41:17 / All) Sympoison: Do you like midgets?
(41:22 / All) HomestarRunner: Bolt ons
(41:23 / All) JAWIZZLE07: gimli...
(41:26 / All) HomestarRunner: Tsk
(41:41 / All) HomestarRunner: I like the fine naturals of Laura Love
(42:05 / All) OnlyIdiotsstay: Flower Tucci
(42:20 / All) OnlyIdiotsstay: Angela Stone
(42:22 / All) HomestarRunner: Do you like Jessi Rogers
(42:29 / All) OnlyIdiotsstay: Riley Reid
(44:19 / All) OnlyIdiotsstay: dont attack the towers moron
(44:31 / All) OnlyIdiotsstay: then your units will die faster
(44:50 / All) OnlyIdiotsstay: i love it
(45:26 / All) Sympoison: Good luck everyone
(45:36 / All) Sympoison: LET IT BEGIN, LET IT BEGIN!
(45:37 / All) OnlyIdiotsstay: good luck 2 u
(45:38 / All) OnlyIdiotsstay: too
(45:39 / All) JAWIZZLE07: BYE